 Dungeon Crawl Stone Soup version 0.28.0-45-g0d030f2227 (webtiles) character file.

Game seed: 6985300361911756620

172 Zeor the Twirler (level 5, -6/31 HPs)
             Began as a Gargoyle Gladiator on Apr 11, 2022.
             Mangled by a mummy (13 damage)
             ... on level 4 of the Dungeon.
             The game lasted 00:08:50 (2798 turns).

Zeor the Twirler (Gargoyle Gladiator)               Turns: 2798, Time: 00:08:51

Health: -6/31      AC: 13    Str: 19    XL:     5   Next: 53%
Magic:  5/5        EV:  8    Int:  9    God:
Gold:   142        SH:  0    Dex: 11    Spells: 4/4 levels left

rFire   . . .      SeeInvis .   a - +0 quarterstaff
rCold   . . .      Faith    .   (shield currently unavailable)
rNeg    + . .      Spirit   .   h - +0 chain mail
rPois   ∞          Reflect  .   c - +0 helmet
rElec   +          Harm     .   (no cloak)
rCorr   .          Rampage  .   (no gloves)
Will    +....                   (no boots)
Stlth   ..........              (no amulet)
HPRegen 0.10/turn               f - ring of willpower
MPRegen 0.09/turn               (no ring)

@: no status effects
A: sickness immunity, AC +4, negative energy resistance 1, electricity
resistance, torment resistance 1, petrification resistance
a: no special abilities


You were on level 4 of the Dungeon.
You visited 1 branch of the dungeon, and saw 4 of its levels.

You collected 142 gold pieces.

Inventory:

Hand Weapons
 a - a +0 quarterstaff (weapon)
Missiles
 d - 6 throwing nets (quivered)
 g - 67 sling bullets
 l - 5 boomerangs
 m - 12 bolts
Armour
 c - a +0 helmet (worn)
 h - a +0 chain mail (worn)
Jewellery
 f - a ring of willpower (left hand)
Scrolls
 j - a scroll of fog
 o - a scroll of teleportation
Potions
 b - a potion of magic
 e - a potion of brilliance
 i - a potion of ambrosia
 k - a potion of curing
 n - a potion of might


   Skills:
 + Level 2.5 Fighting
 * Level 5.5 Staves
 + Level 1.8 Throwing
 + Level 0.6 Armour
 + Level 2.8 Dodging
 + Level 0.1 Stealth


You had 4 spell levels left.
You didn't know any spells.
Your spell library contained the following spells:

 Spells                   Type           Power      Damage    Failure   Level
 Ensorcelled Hibernation  Hex/Ice        0%         N/A       100%        2
 Ignite Poison            Fire/Tmut/Pois 0%         N/A       100%        3
 Mephitic Cloud           Conj/Pois/Air  0%         N/A       100%        3
 Spider Form              Tmut/Pois      0%         N/A       100%        3
 Anguish                  Hex/Necr       0%         N/A       100%        4
 Freezing Cloud           Conj/Ice/Air   0%         6-21      100%        5


Dungeon Overview and Level Annotations

Branches:
Dungeon (4/15)
 Temple: D:4-7

Altars:

Shops:
D:2 =[


Innate Abilities, Weirdness & Mutations

You are immune to sickness and miasma.
Your stone body is resilient. (AC +4)
You are immune to poison.
You resist negative energy. (rN+)
You are resistant to electric shocks. (rElec)
You are resistant to unholy torment.
You are immune to petrification.


Message History

You hit the mummy but do no damage.
The mummy is lightly damaged.
You hit the mummy but do no damage.
The mummy is lightly damaged.
The mummy hits you.
You barely miss the mummy.
The mummy is lightly damaged.
You sock the mummy!
The mummy is heavily damaged.
The mummy hits you but does no damage.
You thump the mummy!
You destroy the mummy!
No target in view!
As you open the door, it creaks loudly!
A scorpion zombie comes into view.
Found 14 gold pieces.
You barely miss the scorpion zombie. The scorpion zombie barely misses you.
A mummy opens the door.
The scorpion zombie closely misses you.
You sock the scorpion zombie!
The scorpion zombie is moderately damaged.
The scorpion zombie hits you.
You barely miss the scorpion zombie.
The scorpion zombie is moderately damaged.
The scorpion zombie hits you but does no damage.
You thump the mummy!
The mummy is heavily damaged.
You barely miss the mummy.
The mummy is heavily damaged.
The mummy hits you!
You sock the mummy!
The mummy is severely damaged.
The mummy hits you!
* * * LOW HITPOINT WARNING * * *
You are too injured to fight recklessly!
You hit the mummy.
The mummy is almost destroyed.
You hit the mummy but do no damage.
The mummy is almost destroyed.
The mummy hits you!
You die...

▒▒▒▒▒ ▒∙▒$▒
▒'▒'▒■▒■▒■▒■▒▒▒▒▒
▒9MZ∙∙∙∙∙∙∙∙∙'∙∙▒
▒'▒'▒■▒■▒■▒'▒▒▒∙▒
▒∙▒∙▒ ▒∙▒▒8∙▒
▒▒▒▒▒ ▒▒▒▒▒∙▒
▒∙∙▒ ▒▒▒▒▒▒▒∙▒▒▒
∙∙∙)∙∙∙∙∙>▒
▒▒▒▒▒▒▒▒▒∙▒ ▒∙▒


You could see a mummy and a scorpion zombie.

Vanquished Creatures
  A water moccasin zombie (D:4)
  A mummy (D:4)
  2 adders
  2 worms (D:2)
  3 dart slugs
  6 ball pythons
  6 endoplasms
  5 giant cockroaches
  7 goblins
  6 hobgoblins
  6 quokkas
  2 bats (D:2)
  5 frilled lizards
  11 kobolds
  A quokka zombie (D:4)
  7 rats
71 creatures vanquished.

Notes
Turn   | Place    | Note
-------+----------+-------------------------------------------
     0 | D:1      | Zeor the Gargoyle Gladiator began the quest for the Orb.
     0 | D:1      | Reached XP level 1. HP: 12/12 MP: 1/1
   312 | D:1      | Reached XP level 2. HP: 16/17 MP: 2/2
   697 | D:1      | Reached XP level 3. HP: 22/22 MP: 3/3
   837 | D:1      | Found a faded altar of an unknown god.
   940 | D:2      | Found Doczeq Wac's Jewellery Shop.
  1390 | D:2      | Reached skill level 4 in Staves
  1504 | D:2      | Found Buetwok's Armour Boutique.
  1573 | D:2      | Reached XP level 4. HP: 24/27 MP: 4/4
  2762 | D:4      | Reached skill level 5 in Staves
  2762 | D:4      | Reached XP level 5. HP: 28/31 MP: 5/5
  2798 | D:4      | Mangled by a mummy

Illustrated notes

Levels and vault maps discovered:
D:1:      minmay_arrival_up_and_down, layout_rooms,
          hellmonk_ecumenical_altar_inner_sanctum
D:2:      layout_rooms, serial_shops, nicolae_shop_hallway_stairs, shop,
          serial_rivers, chequers_serial_rivers_small_3,
          chequers_serial_rivers_marsh, chequers_serial_rivers_small_3,
          chequers_serial_rivers_small_b, grunt_ministairs_14,
          grunt_decor_resistance, st_stairs_14
D:3:      wander_river, layout_rooms
D:4:      layout_basic, lemuel_mausoleum_altar_yredelemnul, serial_shops,
          kennysheep_mini_moat, minmay_misc_feat_enclosed, uniq_edmund,
          uniq_duvessa, uniq_ijyb

Skill      XL: |  1  2  3  4 |
---------------+-------------+-----
Staves         | 4 5 |  5.5
Fighting       | |  2.5
Throwing       | |  1.8
Armour         | |  0.6
Dodging        | |  2.8
Stealth        | |  0.1

Action                   |  1- 3 |  4- 6 || total
-------------------------+-------+-------++-------
Melee: Quarterstaff      |   118 |    92 ||   210
  Use: Scroll            |     5 |     4 ||     9
Armor: Leather armour    |    17 |       ||    17
       Chain mail        |    31 |    48 ||    79
Dodge: Dodged            |    46 |    25 ||    71
